[Event "*** Titled Tuesday 3|2 Blitz"]
[Site "Chess.com"]
[Date "2017.05.02"]
[Round "3"]
[White "Alexander_Donchenko"]
[Black "matiss90"]
[Result "1-0"]
[WhiteElo "2512"]
[BlackElo "2344"]
[TimeControl "180+2"]
[EndTime "13:37:32 PDT"]
[Termination "Alexander_Donchenko won on time"]

1. e4 c5 2. Nf3 d6 3. Bb5+ Bd7 4.
Bxd7+ Qxd7 5. c4 Nc6 6. Nc3 g6 7. d4 cxd4 8. Nxd4 Bg7 9. Be3 Nf6 10. f3 O-O 11. O-O Rac8 12. Nb3 Ne5 13. c5 Nc4 14. Bd4 Nxb2 15. Qe2 Na4 16. Nxa4 Qxa4 17. cxd6 exd6 18. Rac1 Rc6 19. Qb2 Nh5 20. Bxg7 Nxg7 21. Nd4 Rc5 22. Nb3 Rc6 23. Nd4 Rc5 24. Kh1 Rfc8 25. Rxc5 dxc5 26.
Qxb7 Qe8 27. Nc2 c4 28. Qxa7 c3 29. Rd1 Ne6 30. h3 Qb5 31. Qd7 Qb8 32. Qd6 Qa8 33. Qd5 Qb8 34. Qb3 Qg3 35. Rd7 Rb8 36. Nb4 c2 37. Qxc2 Qe1+ 38. Kh2 Qxb4 39. a4 Ra8 40. Qc6 Qxa4 41. Qd6 Qb3 42. Qe7 Qb8+ 43. Qd6 Qxd6+ 44. Rxd6 Kg7 45. Rd2 g5 46. Kg3 h5 47. h4 f6 48.
Rd7+ Kg6 49. Rd6 Re8 50. Ra6 Kf7 51. Ra7+ Re7 52. Ra5 gxh4+ 53. Kxh4 Nf4 54. Kg3 Ne2+ 55. Kh2 Nf4 56. Rf5 Ng6 57. Rxh5 Kg7 58. Ra5 Re5 59.
Ra6 Nf4 60. Kg3 Nd3 61. Ra3 Rg5+ 62. Kh2 Nf4 63. g3 Ne2 64. f4 Rh5+ 65. Kg2 Nd4 66. Ra4 Ne6 67. Kf3 Rc5 68. Ra6 Rc3+ 69. Kg4 Nd4 70.
Ra2 Ne6 71. Rd2 Nc5 72. Rd4 Re3 73. Kf5 Rxg3 74. Rc4 Nxe4 75. Rxe4 Rb3 76. Re7+ Kf8 77. Re6 Rb7 78. Rxf6+ Ke7 79. Ra6 Rb5+ 80. Kg6 Rb7 81. f5 Rb1 82. f6+ 1-0

[Event "*** Titled Tuesday 3|2 Blitz"]
[Site "Chess.com"]
[Date "2017.05.02"]
[Round "3"]
[White "sorito"]
[Black "Gabix_94"]
[Result "1/2-1/2"]
[WhiteElo "2381"]
[BlackElo "2454"]
[TimeControl "180+2"]
[EndTime "13:37:39 PDT"]
[Termination "Game drawn - insufficient material"]

1. d4 Nf6 2. Nf3 b6 3. e3 Bb7 4. Bd3 g6 5. O-O Bg7 6. b3 O-O 7. Bb2 c5 8. Nbd2 d6 9. Re1 Nbd7 10.
c4 e6 11. Rc1 Rc8 12. Qe2 Rc7 13. h3 a6 14. Ng5 Qa8 15. Ngf3 Re8 16. Red1 h6 17.
Qf1 Nf8 18. Bb1 Rec8 19. Qe2 N8d7 20. dxc5 Nxc5 21. Nf1 Rd8 22. N1h2 Rcd7 23. Bd4 Be4 24. Qb2 Bxb1 25. Bxf6 Bxf6 26. Qxf6 Bf5 27. Nd4 Ne4 28. Qh4 Kg7 29. Nxf5+ exf5 30. Nf3 d5 31. cxd5 Rxd5 32. Rxd5 Qxd5 33. Qf4 Rd7 34. Qb8 Qd6 35. Qc8 b5 36. Nd4 f4 37. Qc6 fxe3 38. fxe3 Qe7 39. Rd1 Rd6 40. Qc1 Qg5 41. Rf1 Ng3 42. Re1 h5 43.
Nf3 Qf6 44. e4 Rc6 45. Qe3 Rc2 46. e5 Qc6 47. e6 Qxe6 48. Qxe6 fxe6 49. Nd4 Rxa2 50.
Rxe6 Kf7 51. Rb6 h4 52. Nf3 Ra1+ 53. Kf2 Ra2+ 54. Ke3 Nf5+ 55. Kf4 Rxg2 56. Ne5+ Kg7 57. Rb7+ Kh6 58. Ng4+ Rxg4+ 59. hxg4 Ng7 60. Rb6 h3 61. Rxa6 h2 62. Ra1 Ne6+ 63. Kg3 Nd4 64. b4 Kg5 65. Kxh2 Kxg4 66. Rd1 Nc6 67. Rd5 Kf3 68. Rxb5 Ke3 69.
Rb6 Ne5 70. b5 Kd4 71. Re6 Kd5 72. Re8 Nc4 73. Rc8 Nd6 74. Rd8 Kc5 75. b6 Nb7 76. Rg8 Kxb6 77. Rxg6+ Kc5 78. Kg3 Kd5 79. Kf4 Nd6 80. Rg5+ Ke6 81. Rg6+ Kd5 82. Rh6 Nc4 83. Rh5+ Kd4 84. Rh8 Ne3 85. Rd8+ Nd5+ 86. Kf5 Kc5 87.
Ke5 Nb4 88. Rc8+ Nc6+ 89. Ke6 Kb5 90. Kd6 Nb4 91. Rc3 Na2 92. Rb3+ Kc4 93. Rb2 Nc3 94.
Rb8 Kd4 95. Rb4+ Kd3 96. Kc5 Ne4+ 97. Kd5 Nc3+ 98. Ke5 Ne2 99. Rb3+ Nc3 100. Ra3 Kc4 101. Rxc3+ Kxc3 1/2-1/2

[Event "*** Titled Tuesday 3|2 Blitz"]
[Site "Chess.com"]
[Date "2017.05.02"]
[Round "3"]
[White "Gordima"]
[Black "ehrenfeld"]
[Result "1/2-1/2"]
[WhiteElo "2590"]
[BlackElo "2406"]
[TimeControl "180+2"]
[EndTime "13:37:49 PDT"]
[Termination "Game drawn by agreement"]

1. c4 e5 2. Nc3 d6 3. d4 exd4 4.
Qxd4 Nf6 5. Bg5 Be7 6. e3 O-O 7. Nf3 Nc6 8. Qd2 Bf5 9. Nd4 Bg6 10.
Nxc6 bxc6 11. Bd3 Ng4 12. Bf4 Bf6 13. Be2 Ne5 14. O-O Rb8 15. Rac1 Qe7 16. b3 Rfe8 17.
Rfd1 h5 18. h3 h4 19. Bh2 Bf5 20. Re1 Rbd8 21. e4 Bc8 22. f4 Ng6 23. Bf3 Nf8 24.
Qf2 Bd7 25. Qxa7 Ra8 26. Qxc7 Bd4+ 27. Kh1 Ra7 28. Qxa7 Bxa7 29. e5 dxe5 30. fxe5 Ne6 31. Ne4 Rd8 32. Rf1 Bd4 33. Bh5 Rf8 34. Nd6 g6 35.
Bg4 c5 36. Ne4 Kg7 37. Nf6 Bc6 38. Rce1 Ra8 39. Re2 Qb7 40. Nd5 Bxd5 41. cxd5 Ng5 42. d6 Re8 43. Rfe1 Ne6 44. Bf3 Qd7 45. Bd5 Rc8 46. Bc4 Re8 47. Rf1 Nd8 48. a4 Qb7 49. Bb5 Re6 50. Bc4 Re8 51. a5 Nc6 52. a6 Qd7 53. Rxf7+ Qxf7 54. Bxf7 Kxf7 55. d7 Ra8 56. e6+ Ke7 57. Bf4 Bf6 58. Be3 Nd4 59. Rf2 Nxe6 60.
Rd2 Rxa6 61. Bxc5+ Kf7 62. Bd6 Ra1+ 63. Kh2 Rb1 64.
b4 Rb3 65. Rd5 Be7 66. b5 Bxd6+ 67. Rxd6 Nd8 68. b6 Rb4 69. Kg1 g5 70. Rd5 Rxb6 71. Rxg5 Rb4 72. Re5 Rd4 73. Rh5 Ne6 74. Rh7+ Ng7 75.
Rxh4 Rxd7 76. Rf4+ Kg6 77. Kh2 Rd6 78. Ra4 Rf6 79.
h4 Rd6 80. Kh3 Rc6 81. g3 Rd6 82. Rg4+ Kh6 83. Rf4 Re6 84. Kg4 Rg6+ 85. Kh3 Nh5 86. Rf3 Rxg3+ 87. Rxg3 Nxg3 88. Kxg3 Kh5 89. Kf4 1/2-1/2

[Event "*** Titled Tuesday 3|2 Blitz"]
[Site "Chess.com"]
[Date "2017.05.02"]
[Round "3"]
[White "roldieyi"]
[Black "stefanodinn"]
[Result "0-1"]
[WhiteElo "2075"]
[BlackElo "2216"]
[TimeControl "180+2"]
[EndTime "13:38:09 PDT"]
[Termination "stefanodinn won on time"]

1. d4 Nf6 2. Nf3 d5 3. c4 c6 4.
Nc3 a6 5. e3 b5 6. c5 Bg4 7.
Bd3 Nbd7 8. b4 e5 9. Be2 e4 10. Nd2 Bxe2 11. Qxe2 Be7 12. O-O O-O 13. Nb3 Qc8 14.
a4 Bd8 15. axb5 axb5 16. Bd2 Bc7 17. Rxa8 Qxa8 18. Ra1 Qb7 19. Be1 Ra8 20. Ra2 h5 21. h3 Bb8 22. Rxa8 Qxa8 23. Qa2 Qb7 24. Qa5 Bc7 25. Qa2 Kf8 26. Na5 Qa6 27. Qa3 Ke8 28. Qa2 Kd8 29. Nb3 Qb7 30. Na5 Qa6 31. Ne2 Kc8 32.
Kf1 g6 33. Kg1 Bb8 34. Nf4 g5 35. Ne2 g4 36. hxg4 hxg4 37. Nc1 Ne8 38. g3 Ng7 39. Ncb3 Ne6 40. Qe2 f5 41. Kg2 Ng5 42. Qf1 Bc7 43. Qh1 Nh3 44. Kf1 Kd8 45. Ke2 Ke7 46. Bc3 Kf7 47. Qa1 Nf6 48. Qh1 Kg6 49. Qa1 Qa8 50.
Qh1 Nh5 51. Be1 Qe8 52. Bd2 Bxg3 53. Qa1 Bc7 54. Nb7 Qb8 55. Qa6 g3 56. fxg3 Nxg3+ 57.
Kd1 Kg5 58. Qxc6 Kg4 59. Qxd5 Kf3 60. c6 Qa8 61. N3a5 Bxa5 62. bxa5 Qc8 63. Qxb5 f4 64. exf4 e3 65. Qd5+ Kf2 0-1

[Event "*** Titled Tuesday 3|2 Blitz"]
[Site "Chess.com"]
[Date "2017.05.02"]
[Round "3"]
[White "Rating-Schmating"]
[Black "korason34"]
[Result "0-1"]
[WhiteElo "2204"]
[BlackElo "2311"]
[TimeControl "180+2"]
[EndTime "13:38:21 PDT"]
[Termination "korason34 won by checkmate"]

1. e4 e5 2. Nf3 Nc6 3. d4 exd4 4. Nxd4 Bc5 5. Nxc6 bxc6 6. Bc4 Nf6 7. Nc3 O-O 8.
Bg5 d6 9. O-O h6 10. Bh4 Qe7 11. Qd3 Rb8 12. Bb3 Be6 13. Rae1 Bxb3 14. axb3 Qe5 15. Qg3 Qxg3 16. Bxg3 Nh5 17. Na4 Nxg3 18. hxg3 Bd4 19. Rd1 c5 20. Nc3 Rfe8 21. Rfe1 Re5 22. Kf1 Rbe8 23. f3 Rh5 24. Rd2 f5 25. Nb5 Rh1+ 26.
Ke2 Rxe1+ 27. Kxe1 fxe4 28. Nxd4 exf3+ 29. Kf2 cxd4 30. gxf3 c5 31. Rd1 Kf7 32. Ra1 Re7 33. Ra6 Ke6 34.
Ke2 Kd5+ 35. Kd2 g5 36. c4+ dxc3+ 37. bxc3 Rb7 38. Kd3 h5 39. Ra1 h4 40. gxh4 gxh4 41. Rh1 Rh7 42. f4 h3 43. c4+ Ke6 44. Ke4 h2 45.
f5+ Kf6 46. Kd5 Kxf5 47. Kxd6 Kg4 48. Kxc5 Kg3 49. Kd6 Kg2 50. Ra1 Rb7 51. Ra2+ Kg3 52. Ra1 Rxb3 53. c5 Rd3+ 54. Kc7 Rc3 55. c6 Kg2 56. Ra2+ Kg3 57. Ra1 a5 58. Kb6 a4 59.
c7 a3 60. Kb7 Rb3+ 61. Ka7 Rc3 62. Kb7 a2 63. c8=Q Rxc8 64. Kxc8 Kf3 65. Kc7 Ke3 66. Kc6 Kd3 67. Kc5 Kc3 68. Rh1 Kb2 69. Rxh2+ Kb1 70. Kb4 a1=Q 71. Kb3 Qa8 72. Rb2+ Kc1 73. Rc2+ Kd1 74.
Rc4 Qb7+ 75. Kc3 Qf3+ 76. Kb4 Qb7+ 77. Kc3 Ke2 78. Kd4 Qd7+ 79. Kc3 Qd2+ 80. Kb3 Ke3 81. Rc3+ Kd4 82. Rc4+ Kd5 83. Rc2 Qd1 84. Kb2 Kd4 85. Rc1 Qa4 86. Rc2 Kd3 87. Rc8 Qb4+ 88. Kc1 Qe1+ 89. Kb2 Qe5+ 90. Kb1 Qb5+ 91. Kc1 Qd7 92. Rc2 Qh7 93. Rd2+ Kc3 94. Kd1 Qh1+ 95. Ke2 Qh2+ 96. Kf1 Qxd2 97. Kg1 Qe2 98. Kh1 Kd4 99. Kg1 Ke4 100.
Kh1 Kf3 101. Kg1 Qg2# 0-1

[Event "*** Titled Tuesday 3|2 Blitz"]
[Site "Chess.com"]
[Date "2017.05.02"]
[Round "3"]
[White "penguingm1"]
[Black "Indianlad"]
[Result "1/2-1/2"]
[WhiteElo "2581"]
[BlackElo "2650"]
[TimeControl "180+2"]
[EndTime "13:39:40 PDT"]
[Termination "Game drawn by repetition"]

1. d4 Nf6 2. c4 e6 3. Nc3 Bb4 4. Qc2 c5 5. dxc5 O-O 6. Nf3 Bxc5 7. Bg5 Be7 8. e3 d6 9. Be2 Nbd7 10. O-O b6 11. Rfd1 Bb7 12. Bf4 Qb8 13. Rd2 a6 14. Rad1 e5 15. Bg3 Rc8 16. a3 Nc5 17.
Bh4 Ncd7 18. b4 h6 19. Qb3 Rc7 20. h3 Qe8 21. Qb2 Rac8 22. Bg3 b5 23. c5 dxc5 24. Nxe5 cxb4 25. axb4 Nxe5 26. Bxe5 Rd7 27. Rxd7 Nxd7 28.
Bd4 Bf6 29. Bg4 Rd8 30. Bxd7 Rxd7 31. Bxf6 Rxd1+ 32. Nxd1 Qc6 33. f3 gxf6 34. Nc3 Qe6 35. Kf2 Qe5 36. Qd2 Kg7 37. Ne2 Bc8 38. Nd4 Be6 39. Qc2 Qd6 40. Qc3 Qd5 41. Qc6 Qc4 42. Qe4 Kf8 43. Qa8+ Kg7 44. Qa7 Kg6 45. Qxa6 Qxb4 46.
Qxb5 Qd2+ 47. Qe2 Qa5 48. Qd3+ Kg7 49. Nxe6+ fxe6 50. Qd7+ Kg6 51. Qxe6 Qd2+ 52. Kg1 h5 53. Kh2 Qe1 54. Qe4+ Kg7 55. Qf4 h4 56. Qg4+ Kf7 57.
e4 Ke7 58. Qg7+ Ke6 59. f4 Qf2 60. Qg4+ Ke7 61. Qf3 Qe1 62. Qa3+ Kf7 63. Qd3 Kg7 64. Qf3 Kf7 65. e5 fxe5 66. fxe5+ Ke6 67. Qf6+ Kd5 68.
Qf7+ Ke4 69. e6 Qg3+ 70. Kg1 Qe3+ 71. Qf2 Qc1+ 72. Kh2 Qc7+ 73. Kh1 Qe7 74. Qf3+ Ke5 75. Qg4 Qf6 76. Qe2+ Kd6 77. Qe4 Ke7 78. Kg1 Qg5 79.
Kf2 Qg3+ 80. Ke2 Qg5 81. Qg4 Qe5+ 82. Kf3 Qf6+ 83. Qf4 Qc3+ 84. Kg4 Qe1 85. Qg5+ Kxe6 86. Qh6+ Kf7 87. Qf4+ Kg7 88. Qg5+ Kf7 89. Kh5 Kf8 90.
Qxh4 Qe8+ 91. Kg4 Qe4+ 92. Kh5 Qh7+ 93. Kg5 Qe7+ 94. Kg4 Qe4+ 95. Kh5 Qh7+ 96. Kg5 Qe7+ 97. Kh5 Qh7+ 98. Kg4 Qe4+ 99. Kg3 Qe1+ 100. Kg4 Qe4+ 101. Kg5 Qe7+ 102. Kh5 Qh7+ 103. Kg5 Qe7+ 104. Kg4 Qe4+ 1/2-1/2

[Event "*** Titled Tuesday 3|2 Blitz"]
[Site "Chess.com"]
[Date "2017.05.02"]
[Round "3"]
[White "WeiYi1999"]
[Black "DiogenesSinopeus"]
[Result "0-1"]
[WhiteElo "2080"]
[BlackElo "2225"]
[TimeControl "180+2"]
[EndTime "13:40:09 PDT"]
[Termination "DiogenesSinopeus won by resignation"]

1. e4 e5 2. Nf3 Nc6 3. Bc4 Nf6 4. Ng5 d5 5. exd5 Na5 6. Bb5+ c6 7. dxc6 bxc6 8. Qf3 Be7 9. Bd3 O-O 10. b4 Nb7 11. Qxc6 Rb8 12. O-O Bd7 13. Qf3 Nd6 14. c3 h6 15. Ne4 Nfxe4 16. Bxe4 f5 17. Bd5+ Kh8 18. d4 e4 19. Qg3 Bb5 20. Re1 Bf6 21. Be3 Rc8 22.
h4 Bxh4 23. Qe5 Bf6 24. Qg3 Bc4 25. Bxc4 Nxc4 26. Nd2 Nxe3 27. Rxe3 f4 28. Qxf4 Bxd4 29. Qxe4 Bxe3 30. Qxe3 Re8 31. Ne4 Qc7 32. Rc1 Rcd8 33. c4 Qe7 34. f3 Qxb4 35. c5 Rc8 36. c6 Rc7 37. Qf4 Rec8 38. Qg4 Rxc6 39. Rxc6 Rxc6 40. Kh2 Qb8+ 41. Ng3 Qc8 42. Qe4 Qc7 43. Qe8+ Kh7 44.
Qe4+ g6 45. f4 Rf6 46. Ne2 Qf7 47. Qd4 Re6 48. Ng3 Re7 49. f5 gxf5 50. Qd3 Re5 51. Qd4 Qf6 52. Qxa7+ Re7 53. Qf2 Qh4+ 54. Kg1 f4 55.
Qc2+ Kg8 56. Qc8+ Kf7 57. Qc4+ Kf8 58. Qc8+ Kf7 59. Qc4+ Re6 60. Qc8 Re1+ 61. Nf1 Qe7 62. Qf5+ Ke8 63. Qg6+ Kd8 64. Qd3+ Ke8 65. Qg6+ Qf7 66.
Qc6+ Kf8 67. Qd6+ Kg8 68. Qd8+ Kh7 69. Qd3+ Kg8 70. Qd8+ Re8 71. Qd3 Qa7+ 72. Kh1 Qe7 73. Qg6+ Kf8 74. Qd3 Qh4+ 75. Kg1 Qf6 76. Qa3+ Qe7 77.
Qd3 Rd8 78. Qf5+ Ke8 79. Qg6+ Kd7 80. Qd3+ Qd6 81. Qb5+ Kc7 82. Qc4+ Kb7 83. Qf7+ Rd7 84. Qf5 Qd4+ 85. Kh1 Rd5 86. Qb1+ Kc6 87. Qg6+ Kb5 88. Qb1+ Kc5 89. Qc2+ Qc4 90. Qf2+ Kc6 91. Qf3 Kd6 92. Kg1 Qd3 93. Nh2 Qxf3 94. Nxf3 Ra5 95. Kh2 Rxa2 96.
Kh3 Kd5 97. Nh4 Ke4 98. Kg4 Ra8 99. Kh5 Ra6 100. Nf3 Ke3 101. Kg4 Rg6+ 102. Kh3 Kf2 103. Nh4 Rg8 104. Kh2 h5 105. Kh3 Rg4 106. Nf3 Rg3+ 107. Kh4 Rxf3 108. gxf3 Kxf3 109. Kxh5 Kg3 110. Kg5 f3 0-1

[Event "*** Titled Tuesday 3|2 Blitz"]
[Site "Chess.com"]
[Date "2017.05.02"]
[Round "4"]
[White "Sinquefield"]
[Black "Boryboy"]
[Result "0-1"]
[WhiteElo "2185"]
[BlackElo "2320"]
[TimeControl "180+2"]
[EndTime "13:43:59 PDT"]
[Termination "Boryboy won by resignation"]

1. d4 e6 2. Nf3 Nf6 3. Bg5 Be7 4.
Nbd2 b6 5. e3 Bb7 6. Bd3 h6 7.
Bh4 c5 8. c3 Nc6 9. O-O O-O 10.
Qe2 Rc8 11. Rfe1 d6 12. h3 Qc7 13. Bg3 Qb8 14. e4 cxd4 15. cxd4 Qa8 16. Ba6 Bxa6 17. Qxa6 Nb4 18. Qa3 Nc2 19. Qd3 Nxa1 20. Rxa1 d5 21. e5 Ne4 22. Re1 Nxd2 23. Nxd2 Qc6 24. Nf3 Qc2 25.
Qb5 Qc4 26. Qd7 Rc7 27. b3 Rxd7 28. bxc4 dxc4 29. Rc1 b5 30. Bf4 Rc8 31. Be3 b4 32.
Ne1 a5 33. Nc2 a4 34. Bd2 b3 35. Ne3 Ba3 36. Ra1 b2 37. Rb1 c3 38. Be1 c2 0-1

[Event "*** Titled Tuesday 3|2 Blitz"]
[Site "Chess.com"]
[Date "2017.05.02"]
[Round "4"]
[White "Keaton87"]
[Black "Alexander_Moskalenko"]
[Result "0-1"]
[WhiteElo "2469"]
[BlackElo "2674"]
[TimeControl "180+2"]
[EndTime "13:44:11 PDT"]
[Termination "Alexander_Moskalenko won by resignation"]

1. d4 Nf6 2. Nf3 e6 3. e3 c5 4. Bd3 b6 5. O-O Bb7 6. c4 cxd4 7. exd4 Be7 8. Nc3 O-O 9. d5 Na6 10. Bf4 exd5 11. cxd5 d6 12. h3 Nb4 13. Bc4 Rc8 14.
Bb3 Ba6 15. Re1 Nd3 16. Qe2 Nxe1 17. Qxa6 Nxf3+ 18. gxf3 Nd7 19. Qxa7 Ra8 20. Qb7 Nc5 21. Qc6 Nxb3 0-1

[Event "*** Titled Tuesday 3|2 Blitz"]
[Site "Chess.com"]
[Date "2017.05.02"]
[Round "4"]
[White "arna"]
[Black "Msb2"]
[Result "0-1"]
[WhiteElo "2103"]
[BlackElo "2550"]
[TimeControl "180+2"]
[EndTime "13:44:38 PDT"]
[Termination "Msb2 won on time"]

1. e4 e6 2. d4 d5 3. Nd2 c5 4.
exd5 Qxd5 5. dxc5 Nf6 6. Ngf3 Qxc5 7. Bd3 Nbd7 8. O-O Qc7 9. Qe2 Nc5 10. Bc4 a6 11. a4 Bd6 12. Nb3 Nxb3 0-1

[Event "*** Titled Tuesday 3|2 Blitz"]
[Site "Chess.com"]
[Date "2017.05.02"]
[Round "4"]
[White "RobertoJBM"]
[Black "Cayse"]
[Result "1-0"]
[WhiteElo "2479"]
[BlackElo "2640"]
[TimeControl "180+2"]
[EndTime "13:45:01 PDT"]
[Termination "RobertoJBM won by resignation"]

1. d4 Nf6 2. c3 d5 3. Bf4 e6 4. e3 c5 5. Nd2 Nc6 6. Ngf3 cxd4 7.
exd4 Nh5 8. Be3 Bd6 9. Ne5 g6 10. Bb5 O-O 11. Nxc6 bxc6 12. Bxc6 Rb8 13. b4 Qc7 14. b5 Bxh2 15. g3 Bxg3 16. fxg3 Qxg3+ 17. Bf2 Qxc3 18. Rc1 Qd3 19. Qf3 Qxf3 20. Nxf3 f6 21.
a4 Rf7 22. Kd2 Bb7 23. Bxb7 Rbxb7 24. Rc6 e5 25. Be3 e4 26. Nh4 f5 27. Bh6 Rfe7 28. Nxf5 Rec7 29. Nd6 Rxc6 30. bxc6 Rb2+ 31. Kd1 1-0

[Event "*** Titled Tuesday 3|2 Blitz"]
[Site "Chess.com"]
[Date "2017.05.02"]
[Round "4"]
[White "djano"]
[Black "pawnwonder"]
[Result "1-0"]
[WhiteElo "2379"]
[BlackElo "1835"]
[TimeControl "180+2"]
[EndTime "13:45:01 PDT"]
[Termination "djano won by resignation"]

1. d4 Nf6 2. Bf4 g6 3. Nc3 Bg7 4. e4 d6 5. Qd2 h6 6. O-O-O g5 7. Bg3 Nh5 8. Nge2 Nc6 9. Qe3 Bg4 10. f3 Nxg3 11.
Nxg3 Bd7 12. Nh5 Bf8 13. e5 e6 14. Nf6+ Ke7 15. h4 gxh4 16. Rxh4 Bg7 17. Nh5 Bf8 18.
exd6+ cxd6 19. Nd5+ Ke8 20. Nhf6+ 1-0

[Event "*** Titled Tuesday 3|2 Blitz"]
[Site "Chess.com"]
[Date "2017.05.02"]
[Round "4"]
[White "RitvarsReimanis"]
[Black "GMBenjaminBok"]
[Result "0-1"]
[WhiteElo "2433"]
[BlackElo "2661"]
[TimeControl "180+2"]
[EndTime "13:45:58 PDT"]
[Termination "GMBenjaminBok won by resignation"]

1. d4 Nf6 2. c4 g6 3. f3 Bg7 4. e4 d6 5. Ne2 O-O 6. Be3 a6 7.
Nec3 Nbd7 8. Be2 c5 9. d5 Ne5 10. a4 e6 11. f4 Neg4 12. Bd2 exd5 13. cxd5 Re8 14. Bf3 Rb8 15. Na3 Nxe4 16. Nxe4 Nf6 17. O-O Nxe4 18. Bxe4 Rxe4 19. Bc3 Bf5 20. g4 Bd7 21. Bxg7 Kxg7 22. b3 Qh4 23. g5 Bh3 24.
Qf3 Rbe8 25. Nc4 Bxf1 26. Rxf1 Re1 27. Nxd6 Rxf1+ 28. Kxf1 Qe1+ 29. Kg2 Re2+ 30. Kh3 Re3 0-1

[Event "*** Titled Tuesday 3|2 Blitz"]
[Site "Chess.com"]
[Date "2017.05.02"]
[Round "4"]
[White "Vamostodorecto"]
[Black "Rating-Schmating"]
[Result "1-0"]
[WhiteElo "2344"]
[BlackElo "2199"]
[TimeControl "180+2"]
[EndTime "13:46:09 PDT"]
[Termination "Vamostodorecto won by checkmate"]

1. d4 Nf6 2. c4 e6 3. Nc3 Bb4 4.
a3 Bxc3+ 5. bxc3 c5 6. f3 d5 7. cxd5 Nxd5 8. dxc5 Nxc3 9. Qxd8+ Kxd8 10. Bb2 Nd5 11. Bxg7 Rg8 12. Bb2 Ne3 13. Kf2 Nc4 14. Bf6+ Kc7 15. e4 Na5 16. Bb5 Nbc6 17. Ne2 Nb3 18.
Bxc6 bxc6 19. Be5+ Kd7 20. Rad1+ Ke7 21. Bd6+ Kf6 22.
e5+ Kg7 23. Nd4 Nxd4 24. Rxd4 h5 25. Rb1 Ba6 26. Rbb4 Rgd8 27. Rf4 Bd3 28. Rf6 Bg6 29.
g4 hxg4 30. fxg4 Rh8 31. Kg3 Rh7 32. h4 Rah8 33. h5 Bxh5 34. gxh5 Rxh5 35. Rg4+ Kh7 36. Rxf7+ Kh6 37. Bf8+ Rxf8 38. Rxf8 Rxe5 39. Rh8# 1-0

[Event "*** Titled Tuesday 3|2 Blitz"]
[Site "Chess.com"]
[Date "2017.05.02"]
[Round "4"]
[White "cailinchetty"]
[Black "Abdodi"]
[Result "1-0"]
[WhiteElo "1928"]
[BlackElo "2042"]
[TimeControl "180+2"]
[EndTime "13:46:11 PDT"]
[Termination "cailinchetty won by resignation"]

1. e4 c5 2. Nf3 d6 3. d4 cxd4 4.
Nxd4 Nf6 5. Nc3 a6 6. Bg5 e6 7. f4 Be7 8. Qf3 Nbd7 9. O-O-O Qc7 10. g4 Rb8 11. Bxf6 gxf6 12. g5 fxg5 13. f5 e5 14. Nd5 Qa5 15. f6 Bf8 16. Nf5 Nc5 17. b4 Bxf5 18.
bxa5 Bxe4 19. Qg4 Bxh1 20. Bb5+ axb5 21. Rxh1 h5 22. Qb4 Bh6 23. Qxb5+ Kf8 24. Qb6 Rc8 1-0

[Event "*** Titled Tuesday 3|2 Blitz"]
[Site "Chess.com"]
[Date "2017.05.02"]
[Round "4"]
[White "Robin-Side"]
[Black "scrapnel"]
[Result "1-0"]
[WhiteElo "2276"]
[BlackElo "2482"]
[TimeControl "180+2"]
[EndTime "13:46:22 PDT"]
[Termination "Robin-Side won by resignation"]

1. e4 c5 2. Nf3 d6 3. d4 cxd4 4.
Nxd4 Nf6 5. Nc3 a6 6. Be2 e5 7. Nb3 Be7 8. Be3 O-O 9. g4 Be6 10. g5 Nfd7 11. h4 b5 12. Qd2 Nb6 13. h5 N8d7 14. f4 b4 15. Nd1 exf4 16. Bxf4 a5 17. Nd4 Ne5 18. g6 fxg6 19. Nxe6 Qd7 20. Nxf8 Rxf8 21.
Bxe5 Qe6 22. Bg3 Qxe4 23. Rg1 Bh4 24. Qe3 1-0

[Event "*** Titled Tuesday 3|2 Blitz"]
[Site "Chess.com"]
[Date "2017.05.02"]
[Round "4"]
[White "Ez_Chess2016"]
[Black "Gordima"]
[Result "0-1"]
[WhiteElo "1986"]
[BlackElo "2590"]
[TimeControl "180+2"]
[EndTime "13:46:44 PDT"]
[Termination "Gordima won by resignation"]

1. e4 c5 2. Nf3 e6 3. b3 b6 4. Bb2 Bb7 5. Bd3 d6 6. O-O Nf6 7. e5 dxe5 8. Nxe5 Nbd7 9. f4 Bd6 10. a4 a6 11. Na3 Bc7 12. Qe2 Nd5 13. Nxd7 Qxd7 14.
Nc4 Nxf4 15. Rxf4 Bxf4 16. Nxb6 Bxh2+ 17. Kh1 Qd8 18. Nxa8 Qh4 19. Nc7+ Bxc7+ 20. Kg1 Bh2+ 21. Kf1 Bg3 0-1

[Event "*** Titled Tuesday 3|2 Blitz"]
[Site "Chess.com"]
[Date "2017.05.02"]
[Round "4"]
[White "korason34"]
[Black "TricksOnly"]
[Result "0-1"]
[WhiteElo "2305"]
[BlackElo "2415"]
[TimeControl "180+2"]
[EndTime "13:46:48 PDT"]
[Termination "TricksOnly won by checkmate"]

1. d4 d5 2. c4 c6 3. Nf3 Nf6 4.
e3 Bg4 5. h3 Bh5 6. Nbd2 e6 7.
Bd3 Nbd7 8. b3 Be7 9. O-O O-O 10. Bb2 a5 11. Qc2 Bg6 12. Bxg6 hxg6 13. e4 dxe4 14. Nxe4 Nxe4 15. Qxe4 Bf6 16. Rad1 Qb6 17. Ba3 Rfd8 18. Bd6 a4 19. c5 Qb4 20. g4 Re8 21. g5 Be7 22.
Bxe7 Rxe7 23. Rb1 Nxc5 24. Qc2 Na6 25. bxa4 Qd6 26. Rb6 Qd5 27. Qc3 Nc7 28. Rfb1 Qf5 29. Qa3 Nd5 30. Rxb7 Rxb7 31. Rxb7 Qxh3 32. Qb3 Nf4 33.
Rb8+ Kh7 34. Ne1 Ne2# 0-1

[Event "*** Titled Tuesday 3|2 Blitz"]
[Site "Chess.com"]
[Date "2017.05.02"]
[Round "4"]
[White "matiss90"]
[Black "evgenyermolaev"]
[Result "1-0"]
[WhiteElo "2352"]
[BlackElo "2348"]
[TimeControl "180+2"]
[EndTime "13:46:50 PDT"]
[Termination "matiss90 won by checkmate"]

1. e4 c5 2. Nf3 d6 3. d4 cxd4 4.
Nxd4 Nf6 5. Nc3 a6 6. Bc4 e6 7.
Bb3 Be7 8. g4 h6 9. Be3 Nc6 10.
Rg1 h5 11. g5 Ng4 12. Nxc6 bxc6 13. Qd2 Nxh2 14. Qe2 Ng4 15. g6 fxg6 16. O-O-O a5 17. Rxg4 hxg4 18. Qxg4 Kf7 19. a4 Rh4 20. Qg3 Rh5 21.
Rg1 g5 22. f4 Bf6 23. e5 dxe5 24. fxg5 Be7 25. Qf3+ Kg6 26. Rf1 Qe8 27. Qe4# 1-0

[Event "*** Titled Tuesday 3|2 Blitz"]
[Site "Chess.com"]
[Date "2017.05.02"]
[Round "4"]
[White "Noukii"]
[Black "pKiLz5Rn9b"]
[Result "1-0"]
[WhiteElo "2646"]
[BlackElo "2454"]
[TimeControl "180+2"]
[EndTime "13:46:58 PDT"]
[Termination "Noukii won on time"]

1. d4 Nf6 2. c4 e6 3. Nf3 b6 4. g3 Bb7 5. Bg2 Bb4+ 6. Bd2 Be7 7.
O-O O-O 8. Nc3 d5 9. cxd5 Nxd5 10. Re1 Nd7 11. e4 Nxc3 12. Bxc3 Nf6 13. Qc2 Qc8 14. Rad1 Re8 15. Ne5 Bf8 16. h3 Rd8 17. Qb3 c5 18. d5 exd5 19. exd5 c4 20. Nxc4 Nxd5 21. Ne5 Qe6 22.
Ng4 Qc6 23. Ne3 Nxc3 24. Bxc6 Nxd1 25. Bxb7 Rab8 26. Rxd1 Rxd1+ 27. Qxd1 Rxb7 28. Qd8 g6 29. Nd5 Kg7 30. Qc8 1-0

[Event "*** Titled Tuesday 3|2 Blitz"]
[Site "Chess.com"]
[Date "2017.05.02"]
[Round "4"]
[White "IIIlllII1llIl"]
[Black "kleinebeer98"]
[Result "0-1"]
[WhiteElo "2547"]
[BlackElo "2465"]
[TimeControl "180+2"]
[EndTime "13:47:01 PDT"]
[Termination "kleinebeer98 won by checkmate"]

1. e4 e5 2. Nf3 Nc6 3. Bb5 f5 4. Nc3 fxe4 5. Nxe4 d5 6. Nxe5 dxe4 7.
Qh5+ g6 8. Nxg6 hxg6 9. Qxh8 Be6 10. Qe5 Kf7 11. Bxc6 bxc6 12. Qxe4 Nf6 13. Qe2 Qd5 14. O-O Bd6 15. c4 Qd4 16. d3 Rh8 17. h3 Bxh3 18.
Qe3 Qg4 19. Qg5 Bh2+ 20. Kh1 Bxg2# 0-1

[Event "*** Titled Tuesday 3|2 Blitz"]
[Site "Chess.com"]
[Date "2017.05.02"]
[Round "4"]
[White "ehrenfeld"]
[Black "gmjoey1"]
[Result "0-1"]
[WhiteElo "2400"]
[BlackElo "2508"]
[TimeControl "180+2"]
[EndTime "13:47:03 PDT"]
[Termination "gmjoey1 won on time"]

1. e4 c6 2. d4 d5 3. exd5 cxd5 4.
Bd3 Nc6 5. c3 Qc7 6. Bg5 e6 7. Nf3 Bd6 8. Nbd2 Nge7 9. Bh4 Ng6 10. Bg3 Nf4 11. Bxf4 Bxf4 12. O-O O-O 13. g3 Bh6 14.
Re1 Bd7 15. Nf1 Rab8 16. Ne3 g6 17. Ng4 Bg7 18. Qd2 h5 19. Nge5 Be8 20. Qf4 Rc8 21.
Re2 Nxe5 22. Nxe5 b5 23. a3 a5 24. Rae1 Qb6 25. Nf3 b4 26. cxb4 axb4 27. axb4 Qxb4 28.
Qe3 Bb5 29. Bxb5 Qxb5 30. h3 Rc4 31. g4 hxg4 32. hxg4 Rb4 33. Rb1 Rb3 34. Qf4 Qd3 0-1

[Event "*** Titled Tuesday 3|2 Blitz"]
[Site "Chess.com"]
[Date "2017.05.02"]
[Round "4"]
[White "ItalianMachine"]
[Black "bilelou"]
[Result "0-1"]
[WhiteElo "2202"]
[BlackElo "2401"]
[TimeControl "180+2"]
[EndTime "13:47:10 PDT"]
[Termination "bilelou won by resignation"]

1. e4 c5 2. Nc3 a6 3. f4 e6 4. Nf3 Nc6 5. d3 d5 6. g3 Nf6 7. Qe2 Be7 8. Bg2 O-O 9. O-O b5 10. h3 Bb7 11. e5 Nd7 12. Kh2 Rc8 13. h4 Qc7 14. h5 h6 15. Re1 Nd4 16. Qf2 b4 17. Nd1 Ba8 18. Ne3 Nxf3+ 19. Bxf3 d4 20.
Nc4 Bxf3 21. Qxf3 Nb6 22. Nxb6 Qxb6 23. b3 f6 24. exf6 Rxf6 25. Qg4 Rf5 26. Bd2 Rcf8 27. Re4 e5 28. Rae1 Bd6 29. fxe5 Rf2+ 30. Kh3 Rxd2 31. exd6 Qxd6 32. Re7 Qf6 33. R1e6 Qf1+ 34. Kh4 Rh2+ 0-1